 Dungeon Crawl Stone Soup version 0.21-a0-504-g2eda330 (webtiles) character file.

245 Roak the Shield-Bearer (level 6, -1/53 HPs)
             Began as a Gnoll Fighter on Nov 26, 2017.
             Slain by Crazy Yiuf
             ... wielding a +4 quarterstaff of chaos
              (7 damage)
             ... on level 4 of the Dungeon.
             The game lasted 00:15:29 (3260 turns).

Roak the Shield-Bearer (Gnoll Fighter)              Turns: 3260, Time: 00:15:31

Health: -1/53      AC:  8    Str: 20    XL:     6   Next: 10%
Magic:  0/8        EV: 10    Int: 13    God:
Gold:   165        SH:  0    Dex: 15    Spells: 8/8 levels left

rFire    . . .     SeeInvis .   b - -1 blowgun (curse)
rCold    . . .     Gourm    .   (no shield)
rNeg     . . .     Faith    .   p - +1 scale mail
rPois    .         Spirit   +   (no helmet)
rElec    .         Reflect  .   o - scarf {Spirit}
rCorr    .         Harm     .   (no gloves)
MR       .....                  (no boots)
Stlth    ++........             q - amulet of magic regeneration
HPRegen  0.17/turn              t - ring of stealth
MPRegen  0.36/turn              l - +3 ring of intelligence

@: lethally poisoned (-1 -> -21), hasted, very quick
A: distributed training, fangs 1, strong nose
a: no special abilities


You were on level 4 of the Dungeon.
You were not hungry.

You visited 1 branch of the dungeon, and saw 4 of its levels.

You collected 165 gold pieces.

Inventory:

Hand Weapons
 a - a +1 long sword
 b - a cursed -1 blowgun (weapon)
Missiles
 v - 58 stones (quivered)
Armour
 c - a +0 shield
 o - a scarf of spirit shield (worn)
 p - a +1 scale mail (worn)
Jewellery
 l - a +3 ring of intelligence (right hand)
 q - an amulet of magic regeneration (around neck)
 t - a ring of stealth (left hand)
 u - an uncursed ring of wizardry
Scrolls
 s - a scroll of random uselessness
 w - a scroll of enchant armour
Potions
 d - a potion of might
 e - a potion of ambrosia {unknown}
 h - 2 potions of curing
 j - a potion of heal wounds {unknown}
 k - a potion of lignification {unknown}
 m - a potion of invisibility {unknown}
 n - a potion of agility {unknown}
 r - a potion of degeneration {unknown}
 z - a potion of haste {unknown}
Comestibles
 f - 4 bread rations
 g - 3 meat rations


   Skills:
 + Level 6.7 Fighting
 + Level 1.7 Short Blades
 + Level 4.9 Long Blades
 + Level 1.7 Axes
 + Level 1.7 Maces & Flails
 + Level 1.7 Polearms
 + Level 1.7 Staves
 + Level 1.7 Slings
 + Level 1.7 Bows
 + Level 1.7 Crossbows
 + Level 1.7 Throwing
 + Level 6.7 Armour
 + Level 1.7 Dodging
 + Level 1.7 Stealth
 + Level 6.7 Shields
 + Level 1.7 Unarmed Combat
 + Level 1.7 Spellcasting
 + Level 1.3 Conjurations
 + Level 1.3 Hexes
 + Level 1.3 Charms
 + Level 1.3 Summonings
 + Level 1.3 Necromancy
 + Level 1.3 Translocations
 + Level 1.3 Transmutations
 + Level 1.3 Fire Magic
 + Level 1.3 Ice Magic
 + Level 1.3 Air Magic
 + Level 1.3 Earth Magic
 + Level 1.3 Poison Magic
 + Level 2.0 Invocations
 + Level 1.7 Evocations


You had 8 spell levels left.
You didn't know any spells.

Dungeon Overview and Level Annotations

Branches:
Dungeon (4/15)
 Temple: D:4-7

Altars:
Xom

Annotations:
D:4 Crazy Yiuf


Innate Abilities, Weirdness & Mutations

Your experience applies equally to all skills.
You have very sharp teeth.
Your uncanny sense of smell can sniff out nearby items.


Message History

* * * LOW HITPOINT WARNING * * *
You feel your power leaking away.
You clumsily bash Crazy Yiuf but do no damage.
You bite Crazy Yiuf.
Crazy Yiuf is almost dead.
You feel sick.
Crazy Yiuf hits you with a quarterstaff of chaos.
* * * LOW HITPOINT WARNING * * *
You are more poisoned.
Throwing (i - inventory):
v - 59 stones (quivered)
Press: ? - help, Shift-Dir - straight line, f/p - Crazy Yiuf
Aim: Crazy Yiuf, wielding a quarterstaff of chaos and wearing a runed cloak (almost dead)
You throw a stone.
The stone hits Crazy Yiuf but does no damage.
Crazy Yiuf is almost dead.
* * * LOW HITPOINT WARNING * * *
You feel sick.
Crazy Yiuf cries, "Paint!
Mama Orb Guardian verde."
Crazy Yiuf hits you with a quarterstaff of chaos!
You die...

..#####.#......#.#
..# ##.#...#..(.#
..# ##(.......#.##
#.# #...#######.#
### #....# #.###
#* ##..## ####.(.#
.* ♣..(.♣ #......#
,* ♣♣PP.♣ #####g.#
** ♣♣(♣♣ ###@.# *
♣♣.♣ #....# * ♣.♣♣
#.#.## * ♣♣g♣
###.#.# ♣.♣♣
#.....# *#'#*
###.### ** *...*
#.# ,* #.(.# #.#
** #)..# #.#


You could see Crazy Yiuf.

Vanquished Creatures
  2 worker ants (D:4)
  3 gnolls (D:3)
  8 adders
  An ooze (D:2)
  7 worms
  2 dart slugs (D:2)
  3 leopard geckos
  2 orcs (D:4)
  7 bats
  2 giant cockroaches (D:3)
  4 goblins
  8 hobgoblins
  4 jackals (D:2)
  4 kobolds
  A quokka (D:2)
  3 ball pythons
  6 frilled lizards
  3 rats
70 creatures vanquished.

Notes
Turn   | Place    | Note
-------+----------+-------------------------------------------
     0 | D:1      | Roak the Gnoll Fighter began the quest for the Orb.
     0 | D:1      | Reached XP level 1. HP: 23/23 MP: 1/1
   255 | D:1      | Reached XP level 2. HP: 16/29 MP: 2/2
   853 | D:2      | Reached XP level 3. HP: 28/35 MP: 3/3
   997 | D:2      | Reached skill level 1 in Invocations
  1020 | D:2      | Found a faded altar of an unknown god.
  1237 | D:2      | Reached skill level 1 in Short Blades
  1237 | D:2      | Reached skill level 1 in Axes
  1237 | D:2      | Reached skill level 1 in Maces & Flails
  1237 | D:2      | Reached skill level 1 in Polearms
  1237 | D:2      | Reached skill level 1 in Staves
  1237 | D:2      | Reached skill level 1 in Slings
  1237 | D:2      | Reached skill level 1 in Bows
  1237 | D:2      | Reached skill level 1 in Crossbows
  1237 | D:2      | Reached skill level 1 in Throwing
  1237 | D:2      | Reached skill level 1 in Dodging
  1237 | D:2      | Reached skill level 1 in Stealth
  1237 | D:2      | Reached skill level 1 in Unarmed Combat
  1237 | D:2      | Reached skill level 1 in Spellcasting
  1237 | D:2      | Reached skill level 1 in Evocations
  1276 | D:2      | Reached XP level 4. HP: 39/41 MP: 5/5
  1631 | D:3      | Reached skill level 1 in Conjurations
  1631 | D:3      | Reached skill level 1 in Hexes
  1631 | D:3      | Reached skill level 1 in Charms
  1631 | D:3      | Reached skill level 1 in Summonings
  1631 | D:3      | Reached skill level 1 in Necromancy
  1631 | D:3      | Reached skill level 1 in Translocations
  1631 | D:3      | Reached skill level 1 in Transmutations
  1631 | D:3      | Reached skill level 1 in Fire Magic
  1631 | D:3      | Reached skill level 1 in Ice Magic
  1631 | D:3      | Reached skill level 1 in Air Magic
  1631 | D:3      | Reached skill level 1 in Earth Magic
  1631 | D:3      | Reached skill level 1 in Poison Magic
  1669 | D:3      | Reached XP level 5. HP: 34/47 MP: 4/6
  2122 | D:3      | Found a shimmering altar of Xom.
  2129 | D:3      | Found a shimmering altar of Xom.
  2130 | D:3      | Found a shimmering altar of Xom.
  2130 | D:3      | Found a shimmering altar of Xom.
  2132 | D:3      | Found a shimmering altar of Xom.
  2132 | D:3      | Found a shimmering altar of Xom.
  2696 | D:4      | Reached XP level 6. HP: 21/53 MP: 8/8
  3219 | D:4      | Found a runed door.
  3223 | D:4      | Noticed Crazy Yiuf
  3260 | D:4      | Slain by Crazy Yiuf

Vault maps used:
D:1:      minmay_arrival_four_circles, minmay_tetromino_i2
D:2:      chequers_ecumenical_altar_twisty, corexii_leaking_fountain
D:3:      xom_redecorated
D:4:      first_bread, uniq_crazy_yiuf_cottage, uniq_eustachio, uniq_natasha

Skill      XL: |  1  2  3  4  5  6 |
---------------+-------------------+-----
Invocations    | 1 2 |  2.0
Short Blades   | 1 |  1.7
Axes           | 1 |  1.7
Maces & Flails | 1 |  1.7
Polearms       | 1 |  1.7
Staves         | 1 |  1.7
Slings         | 1 |  1.7
Bows           | 1 |  1.7
Crossbows      | 1 |  1.7
Throwing       | 1 |  1.7
Dodging        | 1 |  1.7
Stealth        | 1 |  1.7
Unarmed Combat | 1 |  1.7
Spellcasting   | 1 |  1.7
Evocations     | 1 |  1.7
Conjurations   | 1 |  1.3
Hexes          | 1 |  1.3
Charms         | 1 |  1.3
Summonings     | 1 |  1.3
Necromancy     | 1 |  1.3
Translocations | 1 |  1.3
Transmutations | 1 |  1.3
Fire Magic     | 1 |  1.3
Ice Magic      | 1 |  1.3
Air Magic      | 1 |  1.3
Earth Magic    | 1 |  1.3
Poison Magic   | 1 |  1.3
Fighting       | |  6.7
Long Blades    | |  4.9
Armour         | |  6.7
Shields        | |  6.7

Action                   |  1- 3 |  4- 6 || total
-------------------------+-------+-------++-------
Melee: Long sword        |    93 |   102 ||   195
       Bite              |    15 |    33 ||    48
       Punch             |       |     2 ||     2
       Blowgun           |       |    53 ||    53
 Fire: Blowgun           |       |    20 ||    20
Throw: Stone             |       |    42 ||    42
  Use: Scroll            |       |     6 ||     6
  Eat: Chunk             |     1 |     7 ||     8
Armor: Scale mail        |    46 |    73 ||   119
Dodge: Dodged            |    44 |   108 ||   152
       Rpst.: Long sword |    19 |    18 ||    37

Table legend:
 A = Spawn XP
 B = Non-spawn XP
 C = Spawn XP percentage of total XP
 D = Spawn monster count
 E = Non-spawn monster count
 F = Spawn count percentage of total count
 G = Total turns spent on level
                    A         B        C        D         E        F      G
               +---------+---------+-------+---------+---------+-------+---------
         Total |       0 |     351 |   0.0 |       0 |      70 |   0.0 |  3260
               +---------+---------+-------+---------+---------+-------+---------
           D:1 |       0 |      19 |   0.0 |       0 |      11 |   0.0 |   845
           D:2 |       0 |     105 |   0.0 |       0 |      28 |   0.0 |   703
           D:3 |       0 |     117 |   0.0 |       0 |      21 |   0.0 |   930
           D:4 |       0 |     110 |   0.0 |       0 |      10 |   0.0 |   782
               +---------+---------+-------+---------+---------+-------+---------
